 Dungeon Crawl Stone Soup version 0.31.0-11-ge490571c62 (webtiles) character file.

Game seed: 16461833080810742963

7 bobo the Chiller (level 2, -5/20 HPs)
             Began as a Merfolk Ice Elementalist on Jan 26, 2024.
             Slain by a gnoll
             ... wielding a +0 flail
              (13 damage)
             ... on level 1 of the Dungeon.
             The game lasted 00:00:55 (327 turns).

bobo the Chiller (Merfolk Ice Elementalist)          Turns: 327, Time: 00:00:57

Health: -5/20      AC:  2    Str:  8    XL:     2   Next: 4%
Magic:  2/5        EV: 12    Int: 14    God:
Gold:   16         SH:  0    Dex: 14    Spells: 4/5 levels left

rFire   . . .        e - +0 dagger
rCold   . . .        (no shield)
rNeg    . . .        a - +0 robe
rPois   .            (no helmet)
rElec   .            (no cloak)
rCorr   .            (no gloves)
SInv    .            (no boots)
Will    .....        (no amulet)
Stlth   ++           (no ring)
HPRegen 0.23/turn    (no ring)
MPRegen 0.09/turn

%: no passive effects
@: no status effects
A: (nimble swimmer 2), mertail
a: no special abilities


You were on level 1 of the Dungeon.
You visited 1 branch of the dungeon, and saw 1 of its levels.

You collected 16 gold pieces.

Inventory:

Hand Weapons
 e - a +0 dagger (weapon)
Armour
 a - a +0 robe (worn)
Scrolls
 c - a scroll of fear {unknown}
Potions
 b - a potion of magic


   Skills:
 + Level 0.8 Fighting
 - Level 2.6 Dodging
 - Level 2.1 Stealth
 + Level 2.2 Spellcasting
 + Level 4.5 Ice Magic


You had 4 spell levels left.
You knew the following spells:

 Your Spells              Type           Power      Damage    Failure   Level
a - Freeze                Ice            56%        1d7       3%          1

Your spell library contained the following spells:

 Spells                   Type           Power      Damage    Failure   Level
 Frozen Ramparts          Ice            28%        1d5       11%         3
 Ozocubu's Armour         Ice            14%        N/A       11%         3
 Summon Ice Beast         Ice/Summ       7%         N/A       28%         3


Dungeon Overview and Level Annotations

Branches:
Dungeon (1/15)

Altars:


Innate Abilities, Weirdness & Mutations

((You are very nimble when in or above water. (Stealth+, EV+, Speed+++)))
Your lower body shifts to a powerful aquatic tail in water.


Message History

There is a faded altar of an unknown god here.
You see here a +0 dagger.
e - a +0 dagger You are now empty-handed.
You drop a +0 whip.
e - a +0 dagger (weapon)
A bat comes into view.
A frilled lizard comes into view.
The bat hits you but does no damage.
You freeze the bat.
You kill the bat!
You have reached level 2!
The frilled lizard hisses angrily.
You freeze the frilled lizard.
The frilled lizard is heavily wounded.
The frilled lizard seems to slow down.
The frilled lizard is no longer moving slowly.
You freeze the frilled lizard.
You kill the frilled lizard!
Okay, then.
You see here a frilled lizard corpse.
A gnoll comes into view. It is wielding a +0 flail.
Found a stone staircase leading down.
You freeze the gnoll.
The gnoll shouts!
The gnoll is lightly wounded.
The gnoll hits you with a +0 flail!
You freeze the gnoll.
The gnoll is moderately wounded.
The gnoll hits you with a +0 flail.
You are too injured to fight recklessly!
Casting: Freeze (safe; 3% risk of failure)
Confirm with . or Enter, or press ? or * to list all spells.
Aiming: Freeze (safe; 3% risk of failure)
Press: ? - help, Shift-Dir - straight line, f/p - gnoll
Aim: a gnoll, wielding a +0 flail (moderately wounded)
You freeze the gnoll.
The gnoll is severely wounded.
The gnoll hits you with a +0 flail!
Ouch! That really hurt!
You die...

############
###...#.@g>..#
#...#.#.####.#
###.....#.####.### ###
#......†.......... ..
#.......#.###..#.# .# #
#.......#.###..#.##.# .#
###...###......#....##.#
#...######...........#
#.###................#


You could see a gnoll.

Vanquished Creatures
  2 bats (D:1)
  An endoplasm (D:1)
  A hobgoblin (D:1)
  A kobold (D:1)
  A frilled lizard (D:1)
  A rat (D:1)
7 creatures vanquished.

Notes
Turn   | Place    | Note
-------+----------+-------------------------------------------
     0 | D:1      | bobo the Merfolk Ice Elementalist began the quest for the
                  | Orb.
     0 | D:1      | Reached XP level 1. HP: 13/13 MP: 3/3
   251 | D:1      | Found a faded altar of an unknown god.
   274 | D:1      | Reached XP level 2. HP: 20/20 MP: 3/5
   327 | D:1      | Slain by a gnoll

Illustrated notes

Levels and vault maps discovered:
D:1:      amcnicky_arrival_double_pillar, layout_loops_cross,
          ebering_ecumenical_altar_sacrificial, minmay_misc_feat_four_crosses

Action                     || total
---------------------------++-------
   Cast: Freeze            ||    14
 Armour: Robe              ||     7
  Dodge: Dodged            ||     1
